 Dungeon Crawl Stone Soup version 0.28-a0-224-g76b539d98b (webtiles) character file.

Game seed: 14568795983244301

904 timneilson the Shield-Bearer (level 8, -5/48 HPs)
             Began as a Gargoyle Fighter on Aug 21, 2021.
             Killed from afar by an orc wizard (10 damage)
             ... with a puff of flame
             ... on level 5 of the Dungeon.
             The game lasted 00:06:05 (4714 turns).

timneilson the Shield-Bearer (Gargoyle Fighter)     Turns: 4714, Time: 00:06:06

Health: -5/48      AC: 13    Str: 23    XL:     8   Next: 8%
Magic:  8/8        EV:  8    Int:  8    God:
Gold:   272        SH:  9    Dex:  9    Spells: 7/7 levels left

rFire   . . .      SeeInvis .   a - +1 long sword (spect)
rCold   . . .      Faith    .   c - +0 kite shield
rNeg    + . .      Spirit   .   b - +0 scale mail
rPois   ∞          Reflect  .   (no helmet)
rElec   +          Harm     .   (no cloak)
rCorr   .          Rampage  .   (no gloves)
Will    .....                   (no boots)
Stlth   ..........              (no amulet)
HPRegen 0.16/turn               (no ring)
MPRegen 0.11/turn               (no ring)

@: mighty
A: sickness immunity, AC +5, negative energy resistance 1, electricity
resistance, torment resistance 1, petrification resistance
a: no special abilities


You were on level 5 of the Dungeon.
You visited 1 branch of the dungeon, and saw 5 of its levels.

You collected 272 gold pieces.

Inventory:

Hand Weapons
 a - a +1 spectral long sword (weapon)
Missiles
 k - a throwing net (quivered)
Armour
 b - a +0 scale mail (worn)
 c - a +0 kite shield (worn)
 g - a +0 tower shield
 l - a +0 plate armour
Wands
 d - a wand of iceblast (3)
Scrolls
 e - a scroll of fear
 m - a scroll of identify
Potions
 f - a potion of magic
 i - a potion of mutation
 j - a potion of curing


   Skills:
 + Level 4.7 Fighting
 * Level 4.5 Long Blades
 * Level 5.9 Armour
 * Level 5.9 Shields
 + Level 2.1 Evocations


You had 7 spell levels left.
You didn't know any spells.
Your spell library contained the following spells:

 Spells                   Type           Power      Damage    Failure   Level
 Magic Dart               Conj           0%         1d3       97%         1
 Call Imp                 Summ           0%         N/A       99%         2
 Mephitic Cloud           Conj/Pois/Air  0%         N/A       100%        3
 Summon Guardian Golem    Hex/Summ       0%         N/A       100%        3
 Orb of Destruction       Conj           0%         N/A       100%        7
 Spellforged Servitor     Conj/Summ      0%         N/A       100%        7


Dungeon Overview and Level Annotations

Branches:
Dungeon (5/15)
 Temple: D:4-7

Altars:
Elyvilon
Hepliaklqana
Sif Muna
Yredelemnul
Zin


Innate Abilities, Weirdness & Mutations

You are immune to sickness and miasma.
Your stone body is resilient. (AC +5)
You are immune to poison.
You resist negative energy. (rN+)
You are resistant to electric shocks. (rElec)
You are resistant to unholy torment.
You are immune to petrification.


Message History

The magic dart hits you! The orc barely misses you.
The orc warrior barely misses you.
You riposte.
You slash the orc warrior!
The orc warrior is almost dead.
Something hits you but does no damage.
The orc wizard points at you and mumbles some strange words.
You resist with some effort.
The orc priest miscasts a cantrip.
The orc closely misses you.
You hit the orc warrior.
You kill the orc warrior!
Something hits you but does no damage.
You hear some strange, mumbled words.
Something tries to affect you, but you resist.
The orc wizard casts a spell.
The orc wizard flickers and vanishes!
The orc priest calls down the wrath of Beogh upon you.
Beogh smites you!
* * * LOW HITPOINT WARNING * * *
You block the orc's attack.
You have reached level 8!
You feel stronger.
You closely miss something.
Something hits you but does no damage. x2
The orc priest looks satisfied for a moment.
The orc hits you but does no damage. You block the orc's attack.
Something hits you but does no damage.
You hear some strange, mumbled words.
A puff of flame appears from out of thin air!
The puff of flame hits you.
* * * LOW HITPOINT WARNING * * *
You closely miss something.
You hear some strange, mumbled words.
A magic dart appears from out of thin air!
The magic dart hits you but does no damage.
The orc completely misses you. The orc closely misses you. Something hits you.
* * * LOW HITPOINT WARNING * * *
Something hits you but does no damage.
You hear some strange, mumbled words.
A puff of flame appears from out of thin air!
The puff of flame hits you!
You die...

......................
.##.....................
####....................
# #.............#......
# ##.#........###....#
..##...##......#....#
...................###
...........##..oo{...##.
..##......###..{@)o.....
# ##.....# ##..###.....
##.....####..## ..#.
###.............
.............##..
............## #.
.............###
...............###
...............#.#


You could see an orc priest and 2 orcs.

Vanquished Creatures
  A water moccasin (D:5)
  An orc warrior (D:5)
  2 phantoms (D:4)
  3 scorpions (D:5)
  A water moccasin skeleton (D:5)
  2 hounds (D:5)
  2 hound skeletons (D:5)
  6 adders
  9 gnolls (D:4)
  A white imp (D:5)
  An ufetubus (D:5)
  2 adder skeletons (D:4)
  2 worms
  A dart slug (D:1)
  4 orcs (D:5)
  7 endoplasms
  4 giant cockroaches
  5 goblins
  11 hobgoblins
  7 quokkas
  3 ball pythons
  5 bats
  4 frilled lizards
  6 kobolds (D:1)
  5 rats
95 creatures vanquished.

Vanquished Creatures (others)
  7 fungi (D:4)
7 creatures vanquished.

Grand Total: 102 creatures vanquished

Notes
Turn   | Place    | Note
-------+----------+-------------------------------------------
     0 | D:1      | timneilson the Gargoyle Fighter began the quest for the
                  | Orb.
     0 | D:1      | Reached XP level 1. HP: 14/14 MP: 1/1
    88 | D:1      | Reached XP level 2. HP: 19/19 MP: 2/2
   721 | D:1      | Reached XP level 3. HP: 18/23 MP: 3/3
  1302 | D:2      | Found a white marble altar of Elyvilon.
  1415 | D:2      | You fall into a shaft and drop 2 floors!
  1629 | D:4      | Reached XP level 4. HP: 13/28 MP: 4/4
  2249 | D:2      | Found a faded altar of an unknown god.
  2816 | D:3      | Reached XP level 5. HP: 33/33 MP: 5/5
  2954 | D:3      | Found a faded altar of an unknown god.
  2954 | D:3      | Found a glowing silver altar of Zin.
  2962 | D:3      | Found a faded altar of an unknown god.
  2964 | D:3      | Found a hazy altar of Hepliaklqana.
  2966 | D:3      | Found a shimmering blue altar of Sif Muna.
  3032 | D:3      | Found a basalt altar of Yredelemnul.
  3426 | D:4      | Noticed a phantom
  3432 | D:4      | Killed a phantom
  3433 | D:4      | Reached XP level 6. HP: 36/38 MP: 6/6
  3496 | D:4      | Reached skill level 1 in Evocations
  4058 | D:5      | Entered Level 5 of the Dungeon
  4067 | D:5      | Reached skill level 5 in Armour
  4067 | D:5      | Reached skill level 5 in Shields
  4075 | D:4      | Reached XP level 7. HP: 6/43 MP: 7/7
  4713 | D:5      | Reached XP level 8. HP: 7/48 MP: 8/8
  4714 | D:5      | Killed from afar by an orc wizard

Illustrated notes

Levels and vault maps discovered:
D:1:      dpeg_arrival_tiny_h, layout_basic
D:2:      layout_loops_ring, shapermc_ecumenical_altar_totnotflames,
          minmay_misc_feat_roman, kennysheep_flooded_box
D:3:      layout_basic, yredelemnul_altar_generic,
          chequers_temple_overflow_minitemple, glass_columns_a,
          minmay_misc_feat_room
D:4:      layout_basic, serial_aquarium, aquarium_bridge_island_small
          [aquarium_subvault_small_open, aquarium_subvault_bridge,
          aquarium_subvault_balcony, aquarium_subvault_wall,
          aquarium_subvault_bridge], aquarium_window_fake, aquarium_window_1,
          aquarium_window_corner, aquarium_view_2g
D:5:      layout_cave_pools

Skill      XL: |  1  2  3  4  5  6  7 |
---------------+----------------------+-----
Long Blades    | 2 3 4 |  4.5
Armour         | 4 5 |  5.9
Shields        | 4 5 |  5.9
Fighting       | 4 |  4.7
Evocations     | 1 2 |  2.1

Action                   |  1- 3 |  4- 6 |  7- 9 || total
-------------------------+-------+-------+-------++-------
Melee: Long sword        |   120 |   121 |    36 ||   277
  Use: Scroll            |     2 |     7 |       ||     9
       Potion            |       |     1 |     2 ||     3
Armor: Scale mail        |    64 |    76 |    33 ||   173
Dodge: Dodged            |    38 |    51 |    24 ||   113
Block: Kite shield       |    63 |    51 |    24 ||   138
       Rpst.: Long sword |     9 |    18 |     7 ||    34

Table legend: (Time is in decaauts)
 A = Elapsed time spent in this place.
 B = Non-inter-level travel time spent in this place.
 C = Inter-level travel time spent in this place.
 D = Time resting spent in this place.
 E = Time spent auto-exploring this place.
 F = Levels seen in this place.
 G = Mean time per level.
                   A        B        C        D        E       F      G
               +--------+--------+--------+--------+--------+-----+--------+
         Total |   4848 |   4740 |    108 |    736 |   3172 |   5 |  969.6 |
       Dungeon |   4848 |   4740 |    108 |    736 |   3172 |   5 |  969.6 |
               +--------+--------+--------+--------+--------+-----+--------+

Top non-repeatable levels by time:
     D:4: 1446 daAuts
     D:1: 1234 daAuts
     D:3: 979 daAuts
     D:2: 914 daAuts
     D:5: 274 daAuts
